 Dungeon Crawl Stone Soup version 0.19-a0-926-g4486784 (webtiles) character file.

125 scalarboson the Shield-Bearer (level 5, -2/32 HPs)
             Began as a Gargoyle Fighter on July 6, 2016.
             Slain by Natasha (5 damage)
             ... on level 2 of the Dungeon.
             The game lasted 00:02:23 (1011 turns).

scalarboson the Shield-Bearer (Gargoyle Fighter)    Turns: 1011, Time: 00:02:23

Health: -2/32      AC: 10    Str: 26    XL:     5   Next: 9%
Magic:  5/5        EV:  8    Int: 14    God:
Gold:   105        SH: 11    Dex:  9    Spells: 0 memorised, 4 levels left

rFire  . . .     SeeInvis .     a - +0 flail
rCold  . . .     Gourm    .     b - +0 scale mail
rNeg   + . .     Faith    .     c - +1 shield
rPois  ∞         Spirit   .     (no helmet)
rElec  +         Dismiss  .     (no cloak)
rCorr  .         Reflect  .     (no gloves)
SustAt .         Harm     .     (no boots)
MR     .....                    (no amulet)
Stlth  ..........               (no ring)
                                l - +6 ring of intelligence

@: mighty, slowed, very slow, not resistant to hostile enchantments, extremely
unstealthy
A: negative energy resistance 1, electricity resistance, unbreathing,
petrification resistance, rot immunity, AC +4
a: no special abilities


You were on level 2 of the Dungeon.
You were hungry.

You visited 1 branch of the dungeon, and saw 3 of its levels.

You collected 105 gold pieces.

Inventory:

Hand Weapons
 a - a +0 flail (weapon)
Armour
 b - a +0 scale mail (worn)
 c - a +1 shield (worn)
Jewellery
 g - a +3 amulet of reflection {unknown}
 l - a +6 ring of intelligence (left hand)
Scrolls
 e - 2 scrolls of remove curse {unknown}
 h - a scroll of identify
 i - a scroll of enchant armour
Potions
 j - a potion of degeneration {unknown}
Comestibles
 f - 2 bread rations


   Skills:
 - Level 3.5 Fighting
 * Level 3.2 Maces & Flails
 - Level 3.4 Armour
 - Level 0.1 Dodging
 + Level 5.1 Shields


You had 4 spell levels left.
You didn't know any spells.

Dungeon Overview and Level Annotations

Branches:
Dungeon (3/15)

Altars:
Sif Muna
Yredelemnul

Annotations:
D:2 Natasha


Innate Abilities, Weirdness & Mutations

You are resistant to torment.
Your stone body is resilient. (AC +4)
You are immune to poison.
You resist negative energy. (rN+)
You are resistant to electric shocks. (rElec)
You can survive without breathing.
You are immune to petrification.
You are immune to rotting.


Message History

You block the orc's attack.
Natasha mumbles some strange words.
You feel disoriented.
Natasha stares at you and mumbles some strange words.
You resist with some effort.
Natasha stares at you and mumbles some strange words.
You feel as though you will be slow longer.
The orc barely misses you.
Natasha stares at you and mumbles some strange words.
You feel as though you will be slow longer.
Things that are here:
a mace; a ring mail; an orc corpse You block the orc's attack.
You sock the orc!
You kill the orc!
Natasha closely misses you. Natasha completely misses you.
Natasha casts a spell at you. You resist with some effort.
You closely miss Natasha. Natasha claws you.
You die...

#...............#.##
#........... ##.....#.......##.#
##......##..
#######......###.######.######..
######....................
##########.#####.####.######..
#..........# #[........# #..
#..........# #.........# ##.
#........[>#####.........#####
#.(.......))h@...............)
#.............##..)......#####
#.............##.........# #.
####.....................# #†
#..........##.........####.
#..........##########......
#..........# ######.
############ #. #.


You could see Natasha.

Vanquished Creatures
  An orc priest (D:2)
  Terence (D:2)
  3 adders (D:2)
  A dart slug (D:2)
  2 giant geckos
  3 orcs (D:2)
  A ball python (D:2)
  4 goblins
  3 hobgoblins
  6 jackals
  A quokka (D:2)
  6 bats
  A giant newt (D:1)
  3 kobolds
  3 rats
39 creatures vanquished.

Notes
Turn   | Place    | Note
-------+----------+-------------------------------------------
     0 | D:1      | scalarboson the Gargoyle Fighter began the quest for the Orb.
     0 | D:1      | Reached XP level 1. HP: 14/14 MP: 1/1
   106 | D:1      | Reached XP level 2. HP: 18/19 MP: 2/2
   470 | D:2      | Reached XP level 3. HP: 23/23 MP: 3/3
   520 | D:2      | Found a faded altar of an unknown god.
   544 | D:2      | Reached skill level 4 in Shields
   595 | D:2      | Noticed Terence
   611 | D:2      | Killed Terence
   645 | D:2      | Reached XP level 4. HP: 27/28 MP: 4/4
   878 | D:2      | Found a basalt altar of Yredelemnul.
   879 | D:2      | Found a deep blue altar of Sif Muna.
   983 | D:3      | Noticed Natasha
  1006 | D:2      | Reached skill level 5 in Shields
  1006 | D:2      | Reached XP level 5. HP: 2/32 MP: 5/5
  1011 | D:2      | Slain by Natasha

Vault maps used:
D:1:      eino_arrival_druids_welcome
D:2:      gammafunk_temple_overflow_statue, ecumenical_altar_1, first_bread,
          dk_noncrumbling_4, uniq_terence
D:3:      minmay_wonky_spiral, uniq_natasha

Skill      XL: |  1  2  3  4 |
---------------+-------------+-----
Shields        | 4 5 |  5.1
Maces & Flails | 3 |  3.2
Fighting       | |  3.5
Armour         | |  3.4
Dodging        | |  0.1

Action                   |  1- 3 |  4- 6 || total
-------------------------+-------+-------++-------
Melee: Flail             |   109 |   107 ||   216
  Use: Potion            |     4 |     1 ||     5
       Scroll            |     2 |       ||     2
Armor: Scale mail        |    84 |    73 ||   157
       Skin              |     4 |       ||     4
Dodge: Dodged            |    54 |    61 ||   115
Block: Shield            |    70 |    96 ||   166
